 Dungeon Crawl Stone Soup version 0.24.0-28-g17ded55e90 (webtiles) character file.

Game seed: 15140490031842579116, levelgen mode: deterministic

44963 Johnny the Spear-Bearer (level 13, -2/110 HPs)
             Began as a Troll Berserker on Nov 13, 2019.
             Was the Champion of Trog.
             Slain by a death knight
             ... wielding a +3 battleaxe of electrocution
              (14 damage)
             ... on level 14 of the Dungeon.
             The game lasted 00:25:44 (14499 turns).

Johnny the Spear-Bearer (Troll Berserker)          Turns: 14499, Time: 00:25:45

Health: -2/110     AC: 11    Str: 38    XL:     13   Next: 99%
Magic:  12/12      EV: 14    Int:  5    God:    Trog [******]
Gold:   805        SH: 13    Dex:  9    Spells: 12/12 levels left

rFire    + . .     SeeInvis .   y - +5 spear "Jicipn" {distort, *Slow rN++ Str+6}
rCold    . . .     Gourm    +   F - +1 shield {rF+}
rNeg     + + +     Faith    .   w - +0 troll leather armour
rPois    .         Spirit   .   (helmet restricted)
rElec    .         Reflect  .   Q - +2 cloak {MR+}
rCorr    +         Harm     .   (gloves unavailable)
MR       +....                  (boots unavailable)
Stlth    +.........             I - amulet of Lumne {Acrobat *Contam rN+ Slay+2}
HPRegen  1.08/turn              f - ring of resist corrosion
MPRegen  0.13/turn              v - +2 ring of intelligence

@: berserk cooldown, very slightly contaminated, slowed, very slow
A: large, unfitting armour, claws 3, fast metabolism 3, gourmand, regeneration
1, shaggy fur 1, tough skin 3
a: Berserk, Trog's Hand, Brothers in Arms, Renounce Religion


You were on level 14 of the Dungeon.
You worshipped Trog.
Trog was exalted by your worship.
You were full.

You visited 2 branches of the dungeon, and saw 16 of its levels.
You also visited: Ossuary and Gauntlet.

You collected 1568 gold pieces.
You spent 763 gold pieces at shops.

Inventory:

Hand Weapons
 a - a +0 falchion
 y - the +5 spear "Jicipn" (weapon) {distort, *Slow rN++ Str+6}
   (You found it on level 5 of the Dungeon)

   It warps and distorts space around it.
   Unwielding it can cause banishment or high damage.
   It affects your strength (+6).
   It greatly protects you from negative energy.
   It may slow you when you take damage.
Missiles
 A - 3 throwing nets (quivered)
Armour
 w - a +0 troll leather armour (worn)
 F - a +1 shield of fire resistance (worn)
 Q - a +2 cloak of magic resistance (worn)
Jewellery
 f - a ring of resist corrosion (left claw)
 v - a +2 ring of intelligence (right claw)
 G - the amulet "Ehenk" {RegenMP rC+}
   (You found it in a Gauntlet)

   [amulet of magic regeneration]

   It increases your magic regeneration.
   It protects you from cold.
 I - the amulet of Lumne (around neck) {Acrobat *Contam rN+ Slay+2}
   (You took it off a gnoll on level 8 of the Dungeon)

   [amulet of the acrobat]

   It helps you evade while moving and waiting.
   It affects your accuracy and damage with ranged weapons and melee attacks
   (+2).
   It protects you from negative energy.
   It causes magical contamination when unequipped.
Wands
 D - a wand of polymorph (15)
 J - a wand of disintegration (22)
 K - a wand of flame (56)
 M - a wand of digging (3)
 P - a wand of random effects (39)
 S - a wand of enslavement (1)
Scrolls
 b - a scroll of identify
 d - 4 scrolls of noise
 e - 7 scrolls of teleportation
 k - 13 scrolls of remove curse
 m - 2 scrolls of blinking
 r - 3 scrolls of immolation
 u - 3 scrolls of random uselessness
 x - 3 scrolls of fog {unknown}
 z - a scroll of amnesia
 B - 4 scrolls of enchant armour
 H - a scroll of magic mapping
 N - 2 scrolls of enchant weapon
 R - a scroll of torment
 T - a scroll of vulnerability {unknown}
Potions
 g - 6 potions of agility
 h - 2 potions of might
 i - 3 potions of lignification
 j - 5 potions of haste
 l - 4 potions of brilliance
 n - 2 potions of resistance {unknown}
 o - 5 potions of curing
 p - a potion of invisibility {unknown}
 q - 3 potions of heal wounds
 s - 2 potions of flight {unknown}
 t - a potion of mutation
 C - a potion of magic
 E - a potion of ambrosia
 L - a potion of berserk rage
 O - a potion of degeneration
Comestibles
 c - 23 rations


   Skills:
 - Level 2.4 Fighting
 - Level 6.4 Long Blades
 * Level 13.8 Polearms
 + Level 11.2 Dodging
 + Level 8.6 Shields


You had 12 spell levels left.
You didn't know any spells.
Your spell library contained the following spells:

 Spells                   Type           Power        Failure   Level  Hunger
 Animate Skeleton         Necr           N/A          54%         1    ##.....
 Apportation              Tloc           #.....       54%         1    ##.....
 Confusing Touch          Hex            #.....       54%         1    ##.....
 Corona                   Hex            #......      54%         1    ##.....
 Magic Dart               Conj           #...         54%         1    ##.....
 Summon Butterflies       Summ           #.......     54%         1    ##.....
 Summon Small Mammal      Summ           #...         54%         1    ##.....
 Blink                    Tloc           N/A          67%         2    ###....
 Call Imp                 Summ           #.......     67%         2    ###....
 Slow                     Hex            #.......     67%         2    ###....
 Call Canine Familiar     Summ           #.......     88%         3    ####...
 Conjure Flame            Conj/Fire      #.......     88%         3    ####...
 Inner Flame              Hex/Fire       #.......     88%         3    ####...
 Mephitic Cloud           Conj/Pois/Air  #.......     88%         3    ####...
 Portal Projectile        Hex/Tloc       #.....       88%         3    ####...
 Summon Guardian Golem    Hex/Summ       #.......     88%         3    ####...
 Cause Fear               Hex            #.........   99%         4    #####..
 Leda's Liquefaction      Hex/Erth       #.........   99%         4    #####..
 Summon Ice Beast         Ice/Summ       #.......     99%         4    #####..
 Summon Lightning Spire   Summ/Air       #.......     99%         4    #####..
 Summon Mana Viper        Hex/Summ       #.......     100%        5    ######.
 Summon Hydra             Summ           #.........   100%        7    #######


Dungeon Overview and Level Annotations

Branches:
Dungeon (14/15)            Temple (0/1) D:7            Lair (0/6) D:11
    Orc (2/2) D:11            Elf (0/3) Orc:2       Ossuary (visited)
Gauntlet (visited)
 Vaults: D:13-14

Altars:
Elyvilon
Kikubaaqudgha
Nemelex Xobeh
Sif Muna
Beogh

Shops:
D:4 *   D:10 *   Orc:2 ([*

Annotations:
Abyss:1 Nergalle


Innate Abilities, Weirdness & Mutations

You are too large for most types of armour.
You have claws for hands.
Your metabolism is lightning-fast.
You like to eat raw meat.
Your natural rate of healing is unusually fast.
You are covered in fur. (AC +1)
You have extremely tough skin. (AC +3)


Message History

The freezing wraith is lightly damaged.
The freezing wraith hits you. The freezing wraith freezes you!
* * * LOW HITPOINT WARNING * * *
You block the freezing wraith's attack. The fire dragon breathes flames at you.
The blast of flame hits you!! You resist.
* * * LOW HITPOINT WARNING * * *
You hear a shout!
You hear a screech!
Unknown command.
Unknown command.
Unknown command.
Unknown command.
Blink to where?
Press: ? - help, Dir - move target cursor, p - freezing wraith You are very lightly contaminated with residual magic.
As you read the scroll of blinking, it crumbles to dust. 3 orcs and an orc warrior come into view.
The orc warrior shouts!
The orc shouts! x2
The death knight hits you with a +3 battleaxe of electrocution!
You die...

#........#.....
#.(..§...##....
#...WC§..# #.#.
#........# ..
#........# #
#........#
#........#
#......%.#
#.....@^.#
#.....p..#
#.o......#
#........#
#...(o...#
#.......)#
#..o.....#
#..o.....#


You could see a death knight, a cyclops, a freezing wraith, an orc warrior and 3
orcs.

Vanquished Creatures
  Harold (D:7)
  The ghost of Tsarbomb the Cleaver, a journeyman DsGl of Okawaru (D:11)
  A centaur warrior (D:13)
  A catoblepas (D:11)
  2 death yaks (Gauntlet)
  An orc high priest (Orc:2)
  Sonja (D:13)
  2 unseen horrors
  A glowing orange brain (D:13)
  2 orc knights (Orc:2)
  7 orc sorcerers
  2 deep elf magi (D:12)
  An ugly thing (D:11)
  A moth of wrath (D:11)
  A centaur skeleton (D:12)
  2 kobold demonologists
  A redback zombie (D:14)
  2 komodo dragons (D:11)
  A tengu conjurer (D:11)
  A freezing wraith (D:14)
  3 meliai (Gauntlet)
  5 slime creatures
  2 trolls
  3 hippogriffs
  A meliai zombie (D:10)
  A wyvern (D:11)
  A vampire (D:13)
  2 shadows (D:12)
  36 yaks
  A hungry ghost (D:8)
  3 wargs
  A water moccasin (D:10)
  A soldier ant (D:13)
  3 porcupines (D:11)
  24 orc warriors
  14 ogres
  4 ice beasts
  2 phantoms
  4 black bears
  A necrophage (D:12)
  3 sky beasts
  5 centaurs
  A crocodile (D:8)
  13 big kobolds
  2 elf zombies (Ossuary)
  A wyvern zombie (D:9)
  9 bullfrogs
  6 scorpions
  3 killer bees (D:7)
  3 vampire bats (D:3)
  4 wights (D:11)
  A howler monkey (D:7)
  15 crimson imps
  A centaur zombie (D:12)
  7 jellies
  A quasit (D:10)
  19 orc priests
  8 hounds
  25 orc wizards
  5 iguanas
  6 worker ants
  2 big kobold zombies (Ossuary)
  2 hound skeletons
  2 mummies (Ossuary)
  10 adders
  4 gnolls (D:8)
  A shadow imp (D:11)
  3 oozes
  3 adder zombies
  2 worms
  A dart slug (D:3)
  4 leopard geckos
  106 orcs
  3 bat skeletons (D:3)
  3 bat zombies (D:3)
  4 giant cockroaches
  10 goblins
  5 hobgoblins
  6 jackals
  6 quokkas
  3 ball pythons
  9 bats
  3 frilled lizards
  2 goblin zombies (Ossuary)
  7 hobgoblin zombies (Ossuary)
  2 jackal zombies (Ossuary)
  39 kobolds
  5 kobold zombies (Ossuary)
  A leopard gecko skeleton (D:4)
  10 orc zombies (Ossuary)
  A quokka zombie (D:8)
  9 rats
550 creatures vanquished.

Vanquished Creatures (collateral kills)
  Saint Roka (Orc:2)
  A centaur warrior (D:13)
  A death yak (Gauntlet)
  The ghost of RandomHacker the Magician, a novice GnSk of Cheibriados (D:8)
  2 orc knights
  A torpor snail (Gauntlet)
  A troll (Orc:2)
  4 orc warriors
  2 ogres (Orc:2)
  2 gnoll sergeants (D:8)
  3 orc priests (Orc:2)
  A gnoll shaman (D:8)
  5 gnolls (D:8)
  9 orcs (Orc:2)
34 creatures vanquished.

Vanquished Creatures (others)
  An orc warlord (Orc:1)
  A death yak (Gauntlet)
  An orc high priest (Orc:2)
  A skeletal warrior (D:14)
  A deep elf mage (D:12)
  2 orc sorcerers
  An ugly thing (D:11)
  A gargoyle (D:11)
  A troll (D:9)
  2 slime creatures
  6 yaks
  A wraith (D:12)
  An acid dragon (D:11)
  6 orc warriors
  3 ogres
  A big kobold (D:11)
  2 bullfrogs
  A scorpion (D:6)
  A killer bee (D:7)
  An orc priest (D:13)
  An iguana (D:11)
  An orc wizard (D:7)
  A worker ant (D:10)
  2 big kobold zombies (Ossuary)
  2 hobgoblin zombies (Ossuary)
  An orc zombie (Ossuary)
  37 fungi (D:11)
  25 plants
105 creatures vanquished.

Grand Total: 689 creatures vanquished

Notes
Turn   | Place    | Note
-------+----------+-------------------------------------------
     0 | D:1      | Johnny the Troll Berserker began the quest for the Orb.
     0 | D:1      | Reached XP level 1. HP: 22/22 MP: 0/0
    97 | D:1      | Reached XP level 2. HP: 28/29 MP: 1/1
   361 | D:1      | Reached ** piety under Trog
   389 | D:1      | Reached XP level 3. HP: 36/36 MP: 2/2
   864 | D:2      | Found a white marble altar of Elyvilon.
   944 | D:2      | Found a faded altar of an unknown god.
  1058 | D:2      | Reached XP level 4. HP: 44/44 MP: 3/3
  1859 | D:3      | Reached *** piety under Trog
  1861 | D:3      | Found an ancient bone altar of Kikubaaqudgha.
  1882 | D:3      | Reached XP level 5. HP: 48/50 MP: 4/4
  2059 | D:4      | Found Fiphe's Assorted Antiques.
  2085 | D:4      | Bought a steel ring for 120 gold pieces
  2086 | D:4      | Noticed an ogre
  2094 | D:4      | Killed an ogre
  2094 | D:4      | Reached skill level 5 in Long Blades
  2094 | D:4      | Reached XP level 6. HP: 59/59 MP: 5/5
  2442 | D:4      | Reached XP level 7. HP: 39/66 MP: 6/6
  2652 | D:4      | Found a shimmering blue altar of Sif Muna.
  2934 | D:5      | Entered Level 5 of the Dungeon
  3085 | D:5      | Got a smoking spear
  3086 | D:5      | Identified the +5 spear "Jicipn" {distort, *Slow rN++
                  | Str+6} (You found it on level 5 of the Dungeon)
  3198 | D:5      | Reached **** piety under Trog
  3473 | D:5      | Reached skill level 1 in Polearms
  3544 | D:6      | Found a sand-covered staircase.
  3555 | Ossuary  | Entered an ossuary
  3562 | Ossuary  | Received a gift from Trog
  3691 | Ossuary  | Reached skill level 5 in Dodging
  3696 | Ossuary  | Reached skill level 2 in Polearms
  3696 | Ossuary  | Reached XP level 8. HP: 45/74 MP: 7/7
  3778 | Ossuary  | Reached ***** piety under Trog
  3839 | D:6      | Reached skill level 3 in Polearms
  4061 | D:6      | Reached skill level 4 in Polearms
  4748 | D:7      | Reached skill level 5 in Polearms
  4754 | D:7      | Received a gift from Trog
  4931 | D:7      | Found a staircase to the Ecumenical Temple.
  4972 | D:7      | Noticed a hippogriff
  4982 | D:7      | Killed a hippogriff
  4982 | D:7      | Reached XP level 9. HP: 62/80 MP: 8/8
  5045 | D:7      | Noticed Harold
  5064 | D:7      | Killed Harold
  5064 | D:7      | Reached skill level 6 in Polearms
  5835 | D:8      | Reached skill level 7 in Polearms
  6096 | D:8      | Found a transporter.
  6101 | D:8      | Identified the cursed +0 ring mail "Foeluxol" {Stlth+}
  6101 | D:8      | Identified the +0 buckler of Fallacy {rF++ Int+2 Stlth+}
  6207 | D:8      | Found a transporter.
  6432 | D:8      | Identified the amulet of Lumne {Acrobat *Contam rN+ Slay+2}
  6434 | D:8      | Noticed RandomHacker's ghost (novice GnSk)
  6467 | D:8      | Received a gift from Trog
  6720 | D:8      | Killed RandomHacker's ghost
  6720 | D:8      | Reached XP level 10. HP: 50/88 MP: 9/9
  6811 | D:9      | Reached skill level 1 in Shields
  6868 | D:9      | Reached skill level 8 in Polearms
  6992 | D:9      | Found a sparkling altar of Nemelex Xobeh.
  7382 | D:10     | Entered Level 10 of the Dungeon
  7632 | D:10     | Reached skill level 9 in Polearms
  7903 | D:10     | Found Janwy's General Store.
  7907 | D:10     | Bought a potion of might for 48 gold pieces
  7907 | D:10     | Bought a scroll of identify for 24 gold pieces
  7907 | D:10     | Bought a ration for 60 gold pieces
  7907 | D:10     | Bought a ration for 60 gold pieces
  8028 | D:11     | Found a transporter.
  8028 | D:11     | Noticed a catoblepas
  8028 | D:11     | Noticed a moth of wrath
  8029 | D:11     | Noticed Tsarbomb's ghost (journeyman DsGl)
  8033 | D:11     | Received a gift from Trog
  8047 | D:11     | Reached XP level 11. HP: 94/94 MP: 10/10
  8064 | D:11     | Noticed Nergalle
  8065 | D:11     | Noticed a spectral orc warlord
  8072 | D:11     | Noticed a purple ugly thing
  8175 | D:11     | Noticed a white ugly thing
  8185 | D:11     | Killed a white ugly thing
  8348 | D:11     | Found a staircase to the Orcish Mines.
  8616 | D:11     | Banished a purple ugly thing
  8616 | D:11     | Reached skill level 10 in Polearms
  8718 | D:11     | Found a staircase to the Lair.
  8749 | D:11     | Found a transporter.
  8803 | D:11     | Banished Nergalle
  8827 | D:11     | Killed a catoblepas
  8973 | D:11     | Killed Tsarbomb's ghost
  8973 | D:11     | Reached skill level 5 in Shields
  9186 | D:11     | Reached skill level 11 in Polearms
  9537 | D:11     | Reached XP level 12. HP: 104/104 MP: 11/11
  9591 | Orc:1    | Entered Level 1 of the Orcish Mines
  9625 | Orc:1    | Noticed an orc warlord
  9657 | Orc:1    | HP: 1/104 [orc warrior/+0 trident[an orc warlord] (6)]
  9925 | Orc:1    | You fall into a shaft and drop 1 floor!
  9925 | Orc:2    | Entered Level 2 of the Orcish Mines
  9950 | Orc:2    | Found a staircase to the Elven Halls.
 10063 | Orc:2    | Noticed an orc high priest
 10067 | Orc:2    | Noticed an orc high priest
 10099 | Orc:2    | Banished an orc high priest
 10352 | Orc:2    | Reached skill level 12 in Polearms
 10370 | Orc:2    | Reached skill level 10 in Dodging
 10670 | Orc:2    | Received a gift from Trog
 10695 | Orc:2    | Found a roughly hewn altar of Beogh.
 10695 | Orc:2    | Found Vuzile's General Store.
 10713 | Orc:2    | Bought a potion of curing for 45 gold pieces
 10765 | Orc:2    | Noticed Saint Roka
 10799 | Orc:2    | Killed Saint Roka
 10956 | Orc:2    | Found a roughly hewn altar of Beogh.
 10966 | Orc:2    | Found Naxkol's Magic Scroll Shoppe.
 10971 | Orc:2    | Bought a scroll of identify for 28 gold pieces
 10971 | Orc:2    | Bought 3 scrolls of identify for 84 gold pieces
 10971 | Orc:2    | Bought a scroll of teleportation for 42 gold pieces
 10971 | Orc:2    | Bought a scroll of fear for 49 gold pieces
 10971 | Orc:2    | Bought a scroll of identify for 28 gold pieces
 10971 | Orc:2    | Bought a scroll of teleportation for 42 gold pieces
 10971 | Orc:2    | Bought a scroll of identify for 28 gold pieces
 10971 | Orc:2    | Bought a scroll of enchant armour for 105 gold pieces
 11021 | Orc:2    | Killed an orc high priest
 11021 | Orc:2    | Reached XP level 13. HP: 110/110 MP: 12/12
 11027 | Orc:2    | Found a roughly hewn altar of Beogh.
 11054 | Orc:2    | Found a roughly hewn altar of Beogh.
 11283 | Orc:2    | Found a roughly hewn altar of Beogh.
 11308 | Orc:2    | Found Jottua Eshy's Antique Weapon Boutique.
 11309 | Orc:2    | Found a roughly hewn altar of Beogh.
 11310 | Orc:2    | Found Cuassir's Antique Armour Shop.
 11769 | Orc:1    | Banished an orc warlord
 11931 | D:12     | Reached ****** piety under Trog
 11963 | D:12     | Found a gate leading to a gauntlet.
 11975 | Gauntlet | Entered a Gauntlet
 11975 | Gauntlet | Found a transporter.
 11975 | Gauntlet | Found a transporter.
 11975 | Gauntlet | Found a transporter.
 11976 | Gauntlet | Found a transporter.
 11979 | Gauntlet | Found a transporter.
 11990 | Gauntlet | Found a transporter.
 11991 | Gauntlet | Found a transporter.
 12007 | Gauntlet | Noticed a death ooze
 12008 | Gauntlet | Found a transporter.
 12014 | Gauntlet | Found a transporter.
 12085 | Gauntlet | Found a transporter.
 12100 | Gauntlet | Found a transporter.
 12116 | Gauntlet | Found a transporter.
 12235 | Gauntlet | Reached skill level 13 in Polearms
 12405 | Gauntlet | Got a coiled jade amulet
 12433 | Gauntlet | Noticed a minotaur
 12692 | D:12     | Received a gift from Trog
 13439 | D:13     | Identified the amulet "Ehenk" {RegenMP rC+} (You found it
                  | in a Gauntlet)
 13599 | D:13     | HP: 4/110 [orc warrior/+0 trident (19)]
 13764 | D:13     | Noticed Sonja
 13784 | D:13     | Killed Sonja
 14022 | D:13     | Received a gift from Trog
 14117 | D:13     | Found a frozen archway.
 14473 | D:14     | Noticed a fire dragon
 14499 | D:14     | Slain by a death knight

Levels and vault maps discovered:
D:1:      wander_arrival_fairy_ring, layout_basic
D:2:      layout_basic, elyvilon_altar_1,
          chequers_ecumenical_altar_simple_redux, first_ration
D:3:      layout_loops_ring, kennysheep_vampire_church, lemuel_old_faithful
D:4:      layout_gridville, kennysheep_mini, serial_shops,
          nicolae_shop_statue_plus
D:5:      cheibrodos_thug_alley, layout_rooms
D:6:      layout_loops_corners, nicolae_ossuary_entry_ruins
D:7:      layout_layer_cave, minmay_temple_entry_proselytizer, uniq_harold
D:8:      layout_basic, gammafunk_ghost_gnarly_gnolls
D:9:      layout_roguey, kennysheep_mini_moat
D:10:     layout_loops_ring, serial_shops, shop
D:11:     layout_basic, due_lair_maze_entry_diamond, special_room
          [special_room_kobold], gammafunk_ghost_berserking_beasts,
          grunt_tengu_nest, uniq_nergalle
D:12:     layout_loops_corners, gauntlet_entry_generic
D:13:     layout_roguey [special_room_orc], portal_ice_cave_entry_pillars_1,
          uniq_sonja
D:14:     layout_long_grid, erik_vaults_2, serial_shops, nicolae_shop_trees,
          serial_park_square3 [serial_park_minivault_5x5_7]
Orc:1:    layout_diamond_mine
Orc:2:    grunt_orc_community_town_hall, layout_diamond_mine,
          grunt_orc_community_big_house_1, grunt_orc_community_big_house_2,
          grunt_orc_community_house_3, grunt_orc_community_house_1,
          grunt_orc_community_house_3, grunt_orc_community_house_3

Skill      XL: |  1  2  3  4  5  6  7  8  9 10 11 12 13 |
---------------+----------------------------------------+-----
Long Blades    | 3 4 5 6 |  6.4
Dodging        | 3 4 5 6 7 8 9 10 11 | 11.2
Polearms       | 2 5 7 9 11 12 13 | 13.8
Shields        | 3 5 7 8 |  8.6
Fighting       | |  2.4

Action                   |  1- 3 |  4- 6 |  7- 9 | 10-12 | 13-15 || total
-------------------------+-------+-------+-------+-------+-------++-------
Melee: Falchion          |   124 |   183 |    48 |       |       ||   355
       Spear             |       |       |   302 |   923 |   568 ||  1793
Invok: Berserk           |       |     3 |     7 |     4 |     3 ||    17
       Brothers in Arms  |       |       |     1 |     6 |     2 ||     9
       Trog's Hand       |       |       |       |     3 |       ||     3
Evoke: Wand              |       |       |       |    21 |     7 ||    28
  Use: Scroll            |       |     7 |     3 |    16 |     4 ||    30
       Potion            |       |       |       |     3 |     2 ||     5
 Stab: Sleeping          |     1 |     1 |     1 |       |     1 ||     4
       Paralysed         |       |       |       |     5 |     1 ||     6
       Distracted        |       |       |       |     1 |     1 ||     2
  Eat: Chunk             |    15 |    17 |    35 |    48 |    31 ||   146
       Ration            |       |       |     4 |       |       ||     4
Armor: Animal skin       |    91 |    97 |    56 |    59 |    19 ||   322
       Troll leather arm |       |       |       |       |    21 ||    21
Dodge: Dodged            |    93 |   155 |   125 |   129 |    63 ||   565
Block: Shield            |       |       |       |   200 |   137 ||   337
       Rpst.: Falchion   |    31 |    34 |     9 |       |       ||    74
